 Dungeon Crawl Stone Soup version 0.18-a0-1292-ge8ad84c (webtiles) character file.

1593 Duffy the Martial Artist (level 8, -8/37 HPs)
             Began as a Spriggan Transmuter on Feb 9, 2016.
             Was an Initiate of Cheibriados.
             Mangled by an orc warrior
             ... wielding a +0 mace
              (15 damage)
             ... on level 6 of the Dungeon.
             The game lasted 00:11:27 (10019 turns).

Duffy the Martial Artist (Spriggan Transmuter)     Turns: 10019, Time: 00:11:27

Health: -8/37      AC:  2    Str:  7    XL:     8   Next: 61%
Magic:  13/13      EV: 23    Int: 16    God:    Cheibriados [......]
Gold:   355        SH:  0    Dex: 19    Spells: 3 memorised, 6 levels left

rFire  . . .     SeeInvis +     m - +1 dagger (venom)
rCold  . . .     Gourm    .     b - +0 robe
rNeg   + . .     Faith    .     (shield restricted)
rPois  .         Spirit   .     (helmet restricted)
rElec  .         Dismiss  .     (no cloak)
rCorr  .         Reflect  .     (gloves unavailable)
SustAt .         Harm     .     (boots unavailable)
MR     +....     Rnd*Tele +     (no amulet)
Stlth  +++.......               p - ring of positive energy
                                h - ring of stealth

@: quick, somewhat resistant to hostile enchantments, fairly stealthy
A: unfitting armour, see invisible, herbivore 3, speed 3, slow metabolism 2,
teleportitis 1
a: Bend Time, Renounce Religion


You were on level 6 of the Dungeon.
You worshipped Cheibriados.
Cheibriados was noncommittal.
You were full.

You visited 1 branch of the dungeon, and saw 7 of its levels.

You collected 355 gold pieces.


Innate Abilities, Weirdness & Mutations

You are tiny and cannot use many weapons and most armour.
You have supernaturally acute eyesight.
You are a herbivore.
You cover ground extremely quickly.
You need consume almost no food.
You are occasionally teleported next to monsters.


   Skills:
 - Level 0.7 Fighting
 + Level 7.0 Dodging
 + Level 8.7 Unarmed Combat
 - Level 2.6 Spellcasting
 - Level 2.6 Transmutations


You had 6 spell levels left.
You knew the following spells:

 Your Spells              Type           Power        Failure   Level  Hunger
a - Beastly Appendage     Trmt           ##....       10%         1    #......
l - Spider Form           Trmt/Pois      #.........   34%         3    ###....
s - Sticks to Snakes      Trmt           ##......     12%         2    ##.....

Inventory:

Hand Weapons
 m - a +1 dagger of venom (weapon)
Missiles
 a - 67 arrows
 u - 16 poisoned needles
Armour
 b - a +0 robe (worn)
Jewellery
 h - a ring of stealth (left hand)
 p - a ring of positive energy (right hand)
Wands
 x - a wand of paralysis (12/24)
Scrolls
 g - 2 scrolls of teleportation
 k - a scroll of blinking
 n - a scroll of magic mapping
 o - 4 scrolls of remove curse
Potions
 e - a potion of might
 f - a potion of lignification {unknown}
 j - 3 potions of curing {unknown}
 l - 2 potions of flight
 r - 2 potions of degeneration
 v - 2 potions of brilliance
Books
 c - a book of Changes
Comestibles
 d - 4 bread rations

Dungeon Overview and Level Annotations

Branches:
Dungeon (7/15)
 Temple: D:4-7

Altars:
Cheibriados
Elyvilon
Fedhas
Kikubaaqudgha
Vehumet


Message History

Your Dodging skill increases to level 7!
You feel a bit more experienced.
The gnoll shaman shouts!
The orc shouts! x2; The gnoll shouts! x2
The orc wizard shouts!
The gnoll shouts! x2; The orc wizard shouts!
The orc wizard casts a cantrip, but nothing happens.
You closely miss the orc warrior.
The orc wizard casts a spell.
The orc wizard flickers and vanishes for a moment.
The orc warrior misses you.
You hit the orc warrior but do no damage.
The orc warrior is poisoned.
The orc wizard miscasts a cantrip.
The gnoll shaman mumbles some strange prayers to its god against you.
You resist with almost no effort. The orc warrior barely misses you.
The orc barely misses you.
You hit the orc warrior but do no damage.
The orc warrior looks even sicker.
The orc misses you. The gnoll shaman hits you with a club.
The gnoll barely misses you. The orc warrior completely misses you.
The orc closely misses you.
You hit the orc warrior.
The orc warrior is lightly wounded.
The gnoll completely misses you. The orc closely misses you.
The gnoll shaman hits you with a club. The orc wizard closely misses you.
You hit the orc warrior but do no damage.
The orc warrior is moderately wounded.
The gnoll hits you from afar with a spear.
The gnoll shaman barely misses you. The orc hits you but does no damage.
The gnoll completely misses you. The orc misses you.
You closely miss the orc warrior.
The orc warrior is moderately wounded.
The gnoll completely misses you. The gnoll closely misses you.
The gnoll hits you from afar with a spear!
The gnoll shaman hits you with a club. The orc completely misses you.
The orc warrior hits you with a mace!
You die...

........(....#
............##'#'######
............##...#
..b.........##...#
...........##...##
#...............#
#...............#
#..gooo....b....#
#.ggo@o........>#
#.bogo........###
#..ggog.......#
#.............#
#.............#
#......./.....#
#.............#
#.............#
##############


You could see an orc warrior, a gnoll shaman, an orc priest, 2 orc wizards, 6
gnolls and 4 orcs.

Action                   |  1- 3 |  4- 6 |  7- 9 || total
-------------------------+-------+-------+-------++-------
Melee: Unarmed           |    79 |    15 |    14 ||   108
       Dagger            |    52 |   169 |   234 ||   455
Evoke: Wand              |       |     2 |     2 ||     4
  Use: Potion            |       |     1 |     1 ||     2
       Scroll            |       |       |    12 ||    12
 Stab: Sleeping          |     5 |     6 |     3 ||    14
       Paralysed         |       |     7 |    12 ||    19
       Distracted        |       |     1 |       ||     1
  Eat: Fruit             |       |     2 |     1 ||     3
       Pizza             |       |     2 |       ||     2
       Bread ration      |       |       |     1 ||     1

Notes
Turn   | Place    | Note
--------------------------------------------------------------
     0 | D:1      | Duffy the Spriggan Transmuter began the quest for the Orb.
     0 | D:1      | Reached XP level 1. HP: 9/9 MP: 5/5
   168 | D:1      | Reached XP level 2. HP: 10/14 MP: 6/6
   264 | D:1      | Learned a level 2 spell: Sticks to Snakes
   323 | D:1      | Reached skill level 3 in Unarmed Combat
  1203 | D:2      | Reached XP level 3. HP: 15/17 MP: 8/8
  1314 | D:2      | Learned a level 3 spell: Spider Form
  1871 | D:2      | Reached skill level 4 in Unarmed Combat
  1871 | D:2      | Reached XP level 4. HP: 13/21 MP: 9/9
  3324 | D:3      | Reached skill level 5 in Unarmed Combat
  3324 | D:3      | Reached XP level 5. HP: 23/25 MP: 10/10
  4046 | D:3      | Found a blossoming altar of Fedhas.
  4942 | D:3      | Reached skill level 4 in Dodging
  4942 | D:3      | Reached XP level 6. HP: 19/29 MP: 11/11
  5779 | D:4      | Noticed Robin
  5812 | D:4      | Killed Robin
  6216 | D:4      | Reached skill level 5 in Dodging
  6285 | D:5      | Entered Level 5 of the Dungeon
  6285 | D:5      | Noticed Sigmund
  6326 | D:5      | Killed Sigmund
  6326 | D:5      | Reached skill level 6 in Unarmed Combat
  6326 | D:5      | Reached XP level 7. HP: 32/32 MP: 12/12
  7046 | D:5      | Found a white marble altar of Elyvilon.
  7183 | D:5      | Noticed a hippogriff
  7204 | D:5      | Killed a hippogriff
  7204 | D:5      | Reached skill level 7 in Unarmed Combat
  7444 | D:5      | Noticed Edmund
  7486 | D:5      | Killed Edmund
  7910 | D:5      | Reached XP level 8. HP: 21/37 MP: 13/13
  8102 | D:5      | Found a snail-covered altar of Cheibriados.
  8108 | D:5      | Found a radiant altar of Vehumet.
  8108 | D:5      | Found an ancient bone altar of Kikubaaqudgha.
  8110 | D:5      | Became a worshipper of Cheibriados the Contemplative
  8415 | D:5      | Reached skill level 8 in Unarmed Combat
  9284 | D:6      | Noticed Grinder
  9611 | D:6      | Reached skill level 6 in Dodging
  9895 | D:5      | Gained mutation: Your flesh is cold resistant. [potion of mutation]
  9895 | D:5      | Lost mutation: Your flesh is cold resistant. [potion of mutation]
  9895 | D:5      | Gained mutation: You are occasionally teleported next to monsters. [potion of mutation]
  9991 | D:5      | Killed Grinder
 10012 | D:6      | Reached skill level 7 in Dodging
 10019 | D:6      | Mangled by an orc warrior

Vault maps used:
D:1:      dpeg_arrival_houses_and_road, minmay_door_square, serial_bayou_pond_e
D:2:      kennysheep_big_flooded_room, first_bread
D:3:      marbit_many_paths, st_stairs_14, kennysheep_pointless_box,
          hangedman_glass_teeth
D:4:      uniq_robin
D:5:      elyvilon_altar_5, gammafunk_temple_overflow_forgotten, uniq_edmund,
          uniq_sigmund
D:6:      kennysheep_steamy, minmay_temple_entry_butterflies, uniq_pikel,
          uniq_grinder
D:7:      kennysheep_mini_moat

Vanquished Creatures
  Grinder Sigmund
  A hippogriff Edmund
  2 ogres
  A giant frog
  3 scorpions
  A killer bee
  A crimson imp
  A gnoll shaman
  2 hounds
  An orc priest
  4 orc wizards
  2 worker ants
  3 hound skeletons Robin
  5 gnolls
  7 adders
  An adder zombie
  2 worms
  4 giant geckos
  8 orcs
  7 giant cockroaches
  14 goblins
  10 hobgoblins
  4 jackals
  8 kobolds
  A quokka
  A ball python
  9 bats
  A giant gecko skeleton
  4 giant newts
  A jackal skeleton
  A quokka skeleton
  A quokka zombie
  5 rats
120 creatures vanquished.
